 Dungeon Crawl Stone Soup version 0.15.1-3-g1b33baa (webtiles) character file.

158 Johnny the Chiller (level 4, -5/36 HPs)
             Began as a Demigod Ice Elementalist on Oct 4, 2014.
             Slain by an ogre
             ... wielding a +0 giant club
              (27 damage)
             ... on Level 4 of the Dungeon on Oct 5, 2014.
             The game lasted 00:06:44 (2640 turns).

Johnny the Chiller (Demigod Ice Elementalist)       Turns: 2640, Time: 00:06:44

HP  -5/36        AC  7     Str 12      XL: 4   Next: 94%
MP  11/11        EV  9     Int 20      God:
Gold 117         SH  0     Dex 17      Spells:  2 memorised,  2 levels left

rFire  + . .     SeeInvis .     o - +1 dagger (venom)
rCold  . . .     Clarity  .     r - +0 ring mail
rNeg   . . .     rCorr    .     (no shield)
rPois  .         rRot     .     (no helmet)
rElec  .         Spirit   .     (no cloak)
SustAb .         Warding  .     h - +1 pair of gloves
rMut   .         Stasis   .     (no boots)
Gourm  .                        (no amulet)
MR     .....                    (no ring)
                                s - ring of protection from fire

@: not resistant to hostile enchantments, unstealthy
A: no striking features
a: no special abilities


You were on level 4 of the Dungeon.
You were hungry.

You visited 1 branch of the dungeon, and saw 4 of its levels.

You collected 117 gold pieces.

Inventory:

Hand weapons
 f - a +0 spear of venom
 o - a +1 dagger of venom (weapon)
Armour
 g - a +0 leather armour
 h - a +1 pair of gloves (worn)
 r - a +0 ring mail (worn)
Comestibles
 a - 2 beef jerkies
 c - 2 bread rations
 i - a royal jelly
 w - 2 rotting chunks of hobgoblin flesh
Scrolls
 d - a scroll of teleportation {unknown}
 e - a scroll of noise {unknown}
 j - a scroll of enchant armour
 k - a scroll of magic mapping {unknown}
 l - a scroll of recharging {unknown}
 m - a scroll of enchant weapon {unknown}
 n - a scroll of identify {unknown}
 p - a scroll of random uselessness {unknown}
 t - a scroll of remove curse
Jewellery
 s - a ring of protection from fire (left hand)
Potions
 q - a potion of brilliance {unknown}
 u - a potion of curing
 v - a potion of berserk rage {unknown}
Books
 b - a book of Frost

   Spells                             Type                      Level
   *Freeze                            Ice                          1
   Throw Frost                        Conjuration/Ice              2
   Ozocubu's Armour                   Charms/Ice                   3
   Throw Icicle                       Conjuration/Ice              4
   *Summon Ice Beast                  Ice/Summoning                4
   Condensation Shield                Ice                          4


   Skills:
 * Level 2.0 Fighting
 + Level 1.0 Armour
 + Level 2.2 Dodging
 + Level 2.1 Stealth
 * Level 2.4 Spellcasting
   Level 0.8 Conjurations
 * Level 0.8 Summonings
 * Level 3.5 Ice Magic


You had 2 spell levels left.
You knew the following spells:

 Your Spells              Type           Power        Failure   Level  Hunger
a - Freeze                Ice            ###.         6%          1    #......
b - Summon Ice Beast      Ice/Summ       ##......     88%         4    #####..


Dungeon Overview and Level Annotations

Branches:
Dungeon (4/15)
 Temple: D:4-7


Message History

The goblin shoots a stone.
The stone barely misses you. The goblin closely misses you.
The ogre barely misses you.
Unknown command.
You hear the slow rusting of a drain, a long way away.
There is a stone staircase leading up here.
The goblin hits you but does no damage.
You climb upwards.
There is a stone staircase leading down here.
There is a stone staircase leading down here.
You climb downwards.
You hear the sound of rushing water.
There is an entrance to a sewer on this level.
Hurry and find it before the portal rusts away!
There is a stone staircase leading up here.
An ogre comes into view. It is wielding a giant club.
You barely miss the ogre. The ogre barely misses you.
Unknown command.
You barely miss the ogre. The ogre hits you with a giant club!!
Ouch! That really hurt!
You die...

. ... ########### ....
##......<..#### .....
#.............##.......
#.............@O.......
#......................
#.....................
#######...########..##
##### ##


You could see an ogre.

Vanquished Creatures
  An orc wizard (D:3)
  5 adders
  An inept feature mimic (D:4)
  2 worms (D:2)
  3 oozes
  7 orcs
  2 giant cockroaches
  12 goblins
  5 hobgoblins
  2 quokkas (D:2)
  5 bats
  2 giant geckos
  3 giant newts
  5 kobolds
  2 rats (D:2)
57 creatures vanquished.

Notes
Turn   | Place    | Note
--------------------------------------------------------------
     0 | D:1      | Johnny, the Demigod Ice Elementalist, began the quest for the Orb.
     0 | D:1      | Reached XP level 1. HP: 14/14 MP: 3/3
   290 | D:1      | Reached XP level 2. HP: 7/22 MP: 2/4
   590 | D:2      | Reached skill level 1 in Fighting
   834 | D:2      | Reached skill level 3 in Ice Magic
  1008 | D:2      | Reached XP level 3. HP: 17/28 MP: 4/8
  1381 | D:2      | Found a basalt altar of Yredelemnul.
  2000 | D:3      | Reached XP level 4. HP: 21/35 MP: 11/11
  2036 | D:3      | Learned a level 4 spell: Summon Ice Beast
  2518 | D:4      | Noticed an ogre
  2528 | D:4      | Reached skill level 1 in Armour
  2634 | D:4      | Noticed an ogre
  2640 | D:4      | Slain by an ogre

Action                   |  1- 3 |  4- 6 || total
-------------------------+-------+-------++-------
Melee: Spear             |    43 |       ||    43
       Dagger            |    63 |    34 ||    97
 Cast: Freeze            |    33 |    25 ||    58
  Use: Scroll            |       |     2 ||     2
       Potion            |       |     1 ||     1
 Stab: Sleeping          |     4 |       ||     4
  Eat: Chunk             |     4 |     1 ||     5
